3R
BALLARD BEAVERS @ NORTHWEST TERRITORY BEAVERS
06/22/2042
 
TOP OF THE 1ST
Ballard Beavers batting - Pitching for Northwest Territory Beavers : RHP Jong-yun Chong
Pitching: RHP Jong-yun Chong
Batting: RHB Eli Johnson 0-0: Called Strike
0-1: Ball
1-1: Fly out, F5 (Popup, 5DF, EV 66.9 MPH)
Batting: RHB Kevin Neal 0-0: Ball
1-0: Ball
2-0: Foul Ball, location: 2F
2-1: Ball
3-1: Called Strike
3-2: Fly out, F7 (Flyball, 78M, EV 88.1 MPH)
Batting: RHB Chip Haines 0-0: Ball
1-0: Ball
2-0: Called Strike
2-1: Foul Ball, location: 2F
2-2: Ball
3-2: Base on Balls
Batting: RHB John Reed 0-0: Ball
1-0: Ball
2-0: Called Strike
2-1: Ball
3-1: Called Strike
3-2: Foul Ball, location: 2F
3-2: Strikes out swinging
Top of the 1st over - 0 runs, 0 hits, 0 errors, 1 left on base; Ballard 0 - Northwest Territory 0
BOTTOM OF THE 1ST
Northwest Territory Beavers batting - Pitching for Ballard Beavers : RHP Juan Luis Matos
Pitching: RHP Juan Luis Matos
Batting: RHB Ijsbert Reynoud 0-0: Ball
1-0: Ball
2-0: Called Strike
2-1: DOUBLE (Line Drive, 7LS, EV 106.9 MPH)
Batting: RHB Kenny Simmons 0-0: Ball
1-0: DOUBLE (Line Drive, 7D, EV 91.9 MPH)
Ijsbert Reynoud scores
Batting: RHB Ming Wang 0-0: Swinging Strike
0-1: Foul Ball, location: 2F
0-2: Foul Ball, location: 2F
0-2: Ground out 6-3 (Groundball, 6, EV 88.1 MPH)
Kenny Simmons to third
Batting: RHB Rodrigo Martínez 0-0: Swinging Strike
0-1: Ball
1-1: Ball
2-1: Ball
3-1: Fly out, F8 (Flyball, 89D, EV 99.4 MPH)
Runner from 3rd tags up, SCORES, no throw by CF
Batting: RHB Rich Kelley 0-0: Called Strike
0-1: Ball
1-1: Foul Ball, location: 2F
1-2: Ball
2-2: Ball
3-2: Foul Ball, location: 2F
3-2: SINGLE (Line Drive, 9S, EV 106.2 MPH)
Batting: RHB Jessie Hall 0-0: Ball
1-0: Called Strike
1-1: Ball
2-1: Foul Ball, location: 2F
2-2: Fielders Choice at 2nd, 5-4 (Groundball, 5, EV 103.8 MPH)
Bottom of the 1st over - 2 runs, 3 hits, 0 errors, 1 left on base; Ballard 0 - Northwest Territory 2
TOP OF THE 2ND
Ballard Beavers batting - Pitching for Northwest Territory Beavers : RHP Jong-yun Chong
Batting: RHB Rich Joyner 0-0: Ball
1-0: Ball
2-0: Ball
3-0: Called Strike
3-1: Base on Balls
Batting: RHB José López 0-0: Ball
1-0: Called Strike
1-1: Foul Ball, location: 2F
1-2: Foul Ball, location: 2F
1-2: Fly out, F8 (Line Drive, 8RM, EV 94.4 MPH)
Batting: LHB Shane Holman 0-0: Ball
1-0: Ball
2-0: Swinging Strike
2-1: DOUBLE (Flyball, 8RXD, EV 100.0 MPH)
Rich Joyner to third
Runner from 3rd tries for Home, SAFE, throw by CF to trailing runner, SAFE at third!
Batting: RHB John Johnson 0-0: Ball
1-0: Swinging Strike
1-1: Swinging Strike
1-2: Ground out 5-3 (Groundball, 5L, EV 84.4 MPH)
Batting: RHB Jim McDermott 0-0: Foul Ball, location: 2F
0-1: Ground out 5-3 (Groundball, 5S, EV 95.0 MPH)
Top of the 2nd over - 1 run, 1 hit, 0 errors, 1 left on base; Ballard 1 - Northwest Territory 2
BOTTOM OF THE 2ND
Northwest Territory Beavers batting - Pitching for Ballard Beavers : RHP Juan Luis Matos
Batting: RHB Hyun-soo Yi 0-0: Called Strike
0-1: Ball
1-1: Ball
2-1: Called Strike
2-2: Foul Ball, location: 2F
2-2: Strikes out swinging, 2-3 out at first.
Batting: RHB Ramón Moreno 0-0: Called Strike
0-1: Ground out 6-3 (Groundball, 6, EV 84.4 MPH)
Batting: RHB Jean-Pierre Alix 0-0: Called Strike
0-1: Ball
1-1: Swinging Strike
1-2: Strikes out swinging
Bottom of the 2nd over - 0 runs, 0 hits, 0 errors, 0 left on base; Ballard 1 - Northwest Territory 2
TOP OF THE 3RD
Ballard Beavers batting - Pitching for Northwest Territory Beavers : RHP Jong-yun Chong
Batting: RHB Eli Johnson 0-0: Called Strike
0-1: SINGLE (Flyball, 7S, EV 95.0 MPH)
Batting: RHB Kevin Neal 0-0: Called Strike
0-1: Ball
1-1: Foul Ball, location: 2F
1-2: Ball
2-2: SINGLE (Line Drive, 78S, EV 96.9 MPH)
Eli Johnson to second
Batting: RHB Chip Haines 0-0: Ball
1-0: Fly out, F8 (Flyball, 8RS, EV 74.4 MPH)
Batting: RHB John Reed 0-0: Foul Ball, location: 2F
0-1: Called Strike
0-2: Ball
1-2: Strikes out looking
Batting: RHB Rich Joyner 0-0: Ball
1-0: Foul Ball, location: 2F
1-1: Foul Ball, location: 2F
1-2: Ball
2-2: Fly out, F9 (Flyball, 9, EV 86.9 MPH)
Top of the 3rd over - 0 runs, 2 hits, 0 errors, 2 left on base; Ballard 1 - Northwest Territory 2
BOTTOM OF THE 3RD
Northwest Territory Beavers batting - Pitching for Ballard Beavers : RHP Juan Luis Matos
Batting: RHB Ijsbert Reynoud 0-0: SINGLE (Line Drive, 56D, EV 98.1 MPH)
Batting: RHB Kenny Simmons 0-0: Ball
1-0: Called Strike
1-1: Foul Ball, location: 2F
1-2: Strikes out swinging
Batting: RHB Ming Wang 0-0: Called Strike
0-1: Ball
1-1: Ball
2-1: Swinging Strike
2-2: Fly out, F8 (Flyball, 8LS, EV 96.2 MPH)
Batting: RHB Rodrigo Martínez 0-0: Called Strike
0-1: Called Strike
0-2: Ball
Ijsbert Reynoud is caught stealing 2nd base 2-4
Bottom of the 3rd over - 0 runs, 1 hit, 0 errors, 0 left on base; Ballard 1 - Northwest Territory 2
TOP OF THE 4TH
Ballard Beavers batting - Pitching for Northwest Territory Beavers : RHP Jong-yun Chong
Batting: RHB José López 0-0: Ball
1-0: Ball
2-0: Ball
3-0: Called Strike
3-1: Foul Ball, location: 2F
3-2: DOUBLE (Line Drive, 7LM, EV 98.8 MPH)
Batting: LHB Shane Holman 0-0: Ball
1-0: Ground out 2-3 (Groundball, 15S, EV 64.4 MPH)
José López to third
Batting: RHB John Johnson 0-0: Called Strike
0-1: Foul Ball, location: 2F
0-2: SINGLE (Groundball, 6MD, EV 102.5 MPH)
José López scores
Batting: RHB Jim McDermott 0-0: Ball
1-0: Ball
2-0: Ball
3-0: Base on Balls
John Johnson to second
Batting: RHB Eli Johnson 0-0: Foul Ball, location: 2F
0-1: Fielders Choice at 2nd, 2-6 (Groundball, 2R, EV 74.4 MPH)
John Johnson to third
Pitching: RHP Pedro Cuenca
Batting: RHB Kevin Neal 0-0: Called Strike
Eli Johnson steals 2nd base (no throw)
0-1: Ball
1-1: Ball
2-1: Swinging Strike
2-2: Strikes out swinging, 2-3 out at first.
Top of the 4th over - 1 run, 2 hits, 0 errors, 2 left on base; Ballard 2 - Northwest Territory 2
BOTTOM OF THE 4TH
Northwest Territory Beavers batting - Pitching for Ballard Beavers : RHP Juan Luis Matos
Batting: RHB Rodrigo Martínez 0-0: Ball
1-0: Foul Ball, location: 2F
1-1: Ball
2-1: Ball
3-1: Called Strike
3-2: Strikes out swinging
Batting: RHB Rich Kelley 0-0: Foul Ball, location: 2F
0-1: Foul Ball, location: 2F
0-2: Fly out, F9 (Flyball, 9S, EV 93.8 MPH)
Batting: RHB Jessie Hall 0-0: Ball
1-0: Ball
2-0: Called Strike
2-1: Ground out 6-3 (Groundball, 56, EV 100.0 MPH)
Bottom of the 4th over - 0 runs, 0 hits, 0 errors, 0 left on base; Ballard 2 - Northwest Territory 2
TOP OF THE 5TH
Ballard Beavers batting - Pitching for Northwest Territory Beavers : RHP Pedro Cuenca
Batting: RHB Chip Haines 0-0: Called Strike
0-1: Ball
1-1: Ground out 5-3 (Groundball, 56S, EV 72.5 MPH)
Batting: RHB John Reed 0-0: Swinging Strike
0-1: Swinging Strike
0-2: Strikes out swinging
Batting: RHB Rich Joyner 0-0: Ball
1-0: Ball
2-0: Called Strike
2-1: Ball
3-1: Called Strike
3-2: Foul Ball, location: 2F
3-2: Strikes out looking
Top of the 5th over - 0 runs, 0 hits, 0 errors, 0 left on base; Ballard 2 - Northwest Territory 2
BOTTOM OF THE 5TH
Northwest Territory Beavers batting - Pitching for Ballard Beavers : RHP Juan Luis Matos
Batting: RHB Hyun-soo Yi 0-0: Called Strike
0-1: Swinging Strike
0-2: Strikes out looking
Batting: RHB Ramón Moreno 0-0: Called Strike
0-1: Called Strike
0-2: Strikes out swinging
Batting: RHB Jean-Pierre Alix 0-0: Ball
1-0: Called Strike
1-1: Fly out, F8 (Flyball, 8LM, EV 94.4 MPH)
Bottom of the 5th over - 0 runs, 0 hits, 0 errors, 0 left on base; Ballard 2 - Northwest Territory 2
TOP OF THE 6TH
Ballard Beavers batting - Pitching for Northwest Territory Beavers : RHP Pedro Cuenca
Batting: RHB José López 0-0: Foul Ball, location: 2F
0-1: Ball
1-1: Foul Ball, location: 2F
1-2: Foul Ball, location: 2F
1-2: Ground out 6-3 (Groundball, 6, EV 88.1 MPH)
Batting: LHB Shane Holman 0-0: Called Strike
0-1: Ball
1-1: Foul Ball, location: 2F
1-2: Fly out, F8 (Line Drive, 8LD, EV 105.0 MPH)
Batting: RHB John Johnson 0-0: Swinging Strike
0-1: Ball
1-1: Foul Ball, location: 2F
1-2: Ball
2-2: Foul Ball, location: 2F
2-2: Ball
3-2: Foul Ball, location: 2F
3-2: Foul Ball, location: 2F
3-2: Fly out, F3 (Popup, 3S, EV 79.4 MPH)
Top of the 6th over - 0 runs, 0 hits, 0 errors, 0 left on base; Ballard 2 - Northwest Territory 2
BOTTOM OF THE 6TH
Northwest Territory Beavers batting - Pitching for Ballard Beavers : RHP Juan Luis Matos
Batting: RHB Ijsbert Reynoud 0-0: Called Strike
0-1: Ball
1-1: Swinging Strike
1-2: Strikes out swinging, 2-3 out at first.
Batting: RHB Kenny Simmons 0-0: Called Strike
0-1: Ball
1-1: Foul Ball, location: 2F
1-2: Ground out 1-3 (Groundball, 13S, EV 73.1 MPH)
Batting: RHB Ming Wang 0-0: Called Strike
0-1: Ball
1-1: Called Strike
1-2: Strikes out swinging
Bottom of the 6th over - 0 runs, 0 hits, 0 errors, 0 left on base; Ballard 2 - Northwest Territory 2
TOP OF THE 7TH
Ballard Beavers batting - Pitching for Northwest Territory Beavers : RHP Pedro Cuenca
Batting: RHB Jim McDermott 0-0: Ball
1-0: Fly out, F4 (Line Drive, 4, EV 71.2 MPH)
Batting: RHB Eli Johnson 0-0: Ball
1-0: Ball
2-0: Called Strike
2-1: Swinging Strike
2-2: Strikes out looking
Batting: RHB Kevin Neal 0-0: Called Strike
0-1: Ball
1-1: Ball
2-1: Ground out 6-3 (Groundball, 6, EV 96.9 MPH)
Top of the 7th over - 0 runs, 0 hits, 0 errors, 0 left on base; Ballard 2 - Northwest Territory 2
BOTTOM OF THE 7TH
Northwest Territory Beavers batting - Pitching for Ballard Beavers : RHP Juan Luis Matos
Batting: RHB Rodrigo Martínez 0-0: Ball
1-0: Foul Ball, location: 2F
1-1: SINGLE (Groundball, 6MD, EV 103.8 MPH)
Batting: RHB Rich Kelley 0-0: Called Strike
0-1: Ball
1-1: Foul Ball, location: 2F
1-2: Foul Ball, location: 2F
1-2: Fly out, F8 (Flyball, 78M, EV 95.6 MPH)
Pitching: LHP Andy Dundee
Batting: RHB Jessie Hall 0-0: Called Strike
0-1: Swinging Strike
0-2: Ball
1-2: Ball
2-2: Foul Ball, location: 2F
2-2: Strikes out swinging
Batting: RHB Hyun-soo Yi 0-0: Ball
1-0: Called Strike
1-1: Ball
2-1: Fielders Choice at 2nd, 5-4 (Groundball, 5, EV 78.8 MPH)
Bottom of the 7th over - 0 runs, 1 hit, 0 errors, 1 left on base; Ballard 2 - Northwest Territory 2
TOP OF THE 8TH
Ballard Beavers batting - Pitching for Northwest Territory Beavers : RHP Pedro Cuenca
Batting: RHB Chip Haines 0-0: Foul Ball, location: 2F
0-1: Swinging Strike
0-2: Ball
1-2: Hit by Pitch
Batting: RHB John Reed 0-0: Ball
1-0: Foul Ball, location: 2F
1-1: Ball
2-1: Ball
3-1: Foul Ball, location: 2F
3-2: Grounds into double play, 5-4-3 (Groundball, 56S, EV 78.1 MPH)
Batting: RHB Rich Joyner 0-0: Ball
1-0: Called Strike
1-1: Swinging Strike
1-2: Ball
2-2: Strikes out swinging
Top of the 8th over - 0 runs, 0 hits, 0 errors, 0 left on base; Ballard 2 - Northwest Territory 2
BOTTOM OF THE 8TH
Northwest Territory Beavers batting - Pitching for Ballard Beavers : LHP Andy Dundee
Batting: RHB Ramón Moreno 0-0: Called Strike
0-1: Foul Ball, location: 2F
0-2: Foul Ball, location: 2F
0-2: Strikes out swinging
Batting: RHB Jean-Pierre Alix 0-0: Ball
1-0: Swinging Strike
1-1: Ground out 1-3 (Groundball, 23, EV 85.0 MPH)
Batting: RHB Ijsbert Reynoud 0-0: Called Strike
0-1: Ball
1-1: Foul Ball, location: 2F
1-2: Ball
2-2: Foul Ball, location: 2F
2-2: DOUBLE (Flyball, 8RD, EV 102.5 MPH)
Batting: RHB Kenny Simmons 0-0: Ball
1-0: Foul Ball, location: 2F
1-1: Called Strike
1-2: Strikes out swinging
Bottom of the 8th over - 0 runs, 1 hit, 0 errors, 1 left on base; Ballard 2 - Northwest Territory 2
TOP OF THE 9TH
Ballard Beavers batting - Pitching for Northwest Territory Beavers : RHP Pedro Cuenca
Pinch Hitting: LHB Tonito Gomez 0-0: Called Strike
0-1: Foul Ball, location: 2F
0-2: Strikes out swinging
Batting: LHB Shane Holman 0-0: Ball
1-0: Called Strike
1-1: Called Strike
1-2: Ball
2-2: Strikes out looking
Pinch Hitting: RHB Eldon Broadus 0-0: Ball
1-0: Ball
2-0: Ball
3-0: Swinging Strike
3-1: Called Strike
3-2: Strikes out looking
Top of the 9th over - 0 runs, 0 hits, 0 errors, 0 left on base; Ballard 2 - Northwest Territory 2
BOTTOM OF THE 9TH
Northwest Territory Beavers batting - Pitching for Ballard Beavers : LHP Andy Dundee
Now at C: Eldon Broadus
Now in CF: Tonito Gomez
Batting: RHB Ming Wang 0-0: Ball
1-0: Swinging Strike
1-1: Foul Ball, location: 2F
1-2: Strikes out swinging
Batting: RHB Rodrigo Martínez 0-0: Foul Ball, location: 2F
0-1: Swinging Strike
0-2: Ball
1-2: Strikes out swinging
Batting: RHB Rich Kelley 0-0: Called Strike
0-1: Ball
1-1: Foul Ball, location: 2F
1-2: Ball
2-2: Strikes out looking
Bottom of the 9th over - 0 runs, 0 hits, 0 errors, 0 left on base; Ballard 2 - Northwest Territory 2
TOP OF THE 10TH
Ballard Beavers batting - Pitching for Northwest Territory Beavers : RHP Pedro Cuenca
Pitching: RHP Claude Richardson
Pinch Hitting: LHB Bill Bass 0-0: Called Strike
0-1: Swinging Strike
0-2: Strikes out looking
Batting: RHB Eli Johnson 0-0: Foul Ball, location: 2F
0-1: Ball
1-1: Ball
2-1: Foul Ball, location: 2F
2-2: Foul Ball, location: 2F
2-2: Foul Ball, location: 2F
2-2: Ball
3-2: Strikes out swinging
Batting: RHB Kevin Neal 0-0: Fly out, F9 (Flyball, 9, EV 81.9 MPH)
Top of the 10th over - 0 runs, 0 hits, 0 errors, 0 left on base; Ballard 2 - Northwest Territory 2
BOTTOM OF THE 10TH
Northwest Territory Beavers batting - Pitching for Ballard Beavers : LHP Andy Dundee
Pitching: RHP Stewart Telfer
Now at 2B: José Romero
Batting: RHB Jessie Hall 0-0: Ball
1-0: Foul Ball, location: 2F
1-1: Ball
2-1: DOUBLE (Flyball, 8RD, EV 87.5 MPH)
Batting: RHB Hyun-soo Yi 0-0: Intentional Walk
Batting: RHB Ramón Moreno 0-0: Bunt - Flyout to 13! F1
Pinch Hitting: RHB Brian Day 0-0: Swinging Strike
0-1: Swinging Strike
0-2: Ball
1-2: Foul Ball, location: 2F
1-2: Ball
2-2: Foul Ball, location: 2F
2-2: Strikes out swinging
Batting: RHB Ijsbert Reynoud 0-0: Ball
1-0: Swinging Strike
1-1: Ball
2-1: Foul Ball, location: 2F
2-2: Ball
3-2: Base on Balls
Jessie Hall to third
Hyun-soo Yi to second
Batting: RHB Kenny Simmons 0-0: Swinging Strike
0-1: Swinging Strike
0-2: Strikes out swinging
Bottom of the 10th over - 0 runs, 1 hit, 0 errors, 3 left on base; Ballard 2 - Northwest Territory 2
TOP OF THE 11TH
Ballard Beavers batting - Pitching for Northwest Territory Beavers : RHP Claude Richardson
Now at C: Bartolo Cortéz
Batting: RHB Chip Haines 0-0: Ball
1-0: Called Strike
1-1: Ball
2-1: Ball
3-1: Foul Ball, location: 2F
3-2: Base on Balls
Batting: RHB John Reed 0-0: Swinging Strike
0-1: Foul Ball, location: 2F
0-2: DOUBLE (Line Drive, 78D, EV 107.5 MPH)
Chip Haines to third
Batting: RHB Rich Joyner 0-0: Ball
1-0: Ball
2-0: Ball
3-0: Called Strike
3-1: Base on Balls
Batting: LHB Tonito Gomez 0-0: Ball
1-0: Called Strike
1-1: Ball
2-1: Called Strike
2-2: Ball
3-2: Foul Ball, location: 2F
3-2: Foul Ball, location: 2F
3-2: SINGLE (Flyball, 7LS, EV 90.6 MPH)
Chip Haines scores
John Reed to third
Rich Joyner to second
Runner from 3rd tries for Home, SAFE, throw by LF to home
Pitching: RHP Aaron Rigsby
Batting: LHB Shane Holman 0-0: Ball
1-0: Sac Bunt to 13 - play at first, batter OUT! 1-4
Rich Joyner to third
Tonito Gomez to second
Batting: RHB Eldon Broadus 0-0: Intentional Walk
Batting: RHB José Romero 0-0: Ball
1-0: Foul Ball, location: 2F
1-1: Foul Ball, location: 2F
1-2: Foul Ball, location: 2F
1-2: Strikes out swinging
Batting: RHB Eli Johnson 0-0: Called Strike
0-1: Ball
1-1: Ball
2-1: DOUBLE (Flyball, 8LXD, EV 110.6 MPH)
Rich Joyner scores
Tonito Gomez scores
Eldon Broadus to third
Runner from 3rd tries for Home, SAFE, no throw by CF
Batting: RHB Kevin Neal 0-0: Called Strike
0-1: Swinging Strike
0-2: Ball
1-2: Foul Ball, location: 2F
1-2: Ball
2-2: Ball
3-2: Foul Ball, location: 2F
3-2: Strikes out looking
Top of the 11th over - 5 runs, 3 hits, 0 errors, 1 left on base; Ballard 7 - Northwest Territory 2
BOTTOM OF THE 11TH
Northwest Territory Beavers batting - Pitching for Ballard Beavers : RHP Stewart Telfer
Pitching: RHP Edward Urry
Batting: RHB Ming Wang 0-0: Called Strike
0-1: Ball
1-1: Swinging Strike
1-2: Foul Ball, location: 2F
1-2: Ball
2-2: Foul Ball, location: 2F
2-2: Foul Ball, location: 2F
2-2: SINGLE (Line Drive, 78M, EV 109.4 MPH)
Batting: RHB Rodrigo Martínez 0-0: Ball
1-0: Called Strike
1-1: Ball
Passed Ball!
Ming Wang to second
2-1: Ball
3-1: Base on Balls
Batting: RHB Rich Kelley 0-0: Foul Ball, location: 2F
0-1: Foul Ball, location: 2F
0-2: Ball
1-2: Ball
2-2: Ball
3-2: Fly out, F7 (Line Drive, 7, EV 100.0 MPH)
Batting: RHB Jessie Hall 0-0: Foul Ball, location: 2F
0-1: Foul Ball, location: 2F
0-2: Strikes out swinging
Batting: RHB Hyun-soo Yi 0-0: Ball
1-0: Ball
2-0: Called Strike
2-1: Called Strike
2-2: DOUBLE (Line Drive, 89D, EV 105.0 MPH)
Ming Wang scores
Rodrigo Martínez to third
Batting: RHB Ramón Moreno 0-0: Ball
1-0: Foul Ball, location: 2F
1-1: Called Strike
1-2: Ball
2-2: Fly out, F9 (Flyball, 9LM, EV 82.5 MPH)
Bottom of the 11th over - 1 run, 2 hits, 0 errors, 2 left on base; Ballard 7 - Northwest Territory 3
Friday, March 26th, 2021 - OOTP Baseball 20.8 Build 74